 Dungeon Crawl Stone Soup version 0.17-a0-1164-g0ba867e (webtiles) character file.

781 AnnoyedKobold the Chiller (level 7, -12/50 HPs)
             Began as a Yellow Draconian Ice Elementalist on May 28, 2015.
             Mangled by an ogre
             ... wielding a +0 giant club
              (26 damage)
             ... on level 4 of the Dungeon.
             The game lasted 00:12:26 (3362 turns).

AnnoyedKobold the Chiller (DrIE)                    Turns: 3362, Time: 00:12:26

Health: -12/50     AC:  6    Str: 11    XL:     7   Next: 55%
Magic:  14/15      EV: 13    Int: 22    God:
Gold:   195        SH:  0    Dex: 17    Spells: 1 memorised, 16 levels left

rFire  + . .     SeeInvis .     v - +1 whip (flame)
rCold  . . .     Clarity  .     (armour unavailable)
rNeg   . . .     SustAt   .     (no shield)
rPois  .         Gourm    .     (helmet restricted)
rElec  .         Spirit   .     (no cloak)
rCorr  +         Warding  .     (no gloves)
rMut   .         Stasis   .     (no boots)
MR     .....                    (no amulet)
Stlth  ++........               m - +6 ring of dexterity
                                r - ring of protection from fire

@: brilliant, not resistant to hostile enchantments, unstealthy
A: spit acid, acid resistance, unfitting armour, cold-blooded, AC +6
a: Spit Acid


You were on level 4 of the Dungeon.
You were hungry.

You visited 1 branch of the dungeon, and saw 5 of its levels.

You collected 195 gold pieces.

Inventory:

Hand weapons
 e - a +0 short sword
 v - a +1 whip of flaming (weapon)
Jewellery
 m - a +6 ring of dexterity (right hand)
 r - a ring of protection from fire (left hand)
Magical devices
 x - a wand of confusion (27)
Scrolls
 c - 4 scrolls of fog
 d - a scroll of magic mapping {unknown}
 l - 2 scrolls of teleportation
 p - 3 scrolls of enchant armour {unknown}
 q - a scroll of remove curse
 t - 2 scrolls of fear {unknown}
 u - a scroll of identify
Potions
 g - 2 potions of flight
 h - 3 potions of curing
 j - a potion of resistance
 k - a potion of magic
 n - a potion of cure mutation
 s - 2 potions of might
 w - a potion of brilliance
Books
 a - a book of Frost

   Spells                             Type                      Level
   a - Freeze                         Ice                          1
   b - Throw Frost                    Conjuration/Ice              2
   c - Ozocubu's Armour               Charms/Ice                   3
   d - Throw Icicle                   Conjuration/Ice              4
   e - Summon Ice Beast               Ice/Summoning                4
   f - Condensation Shield            Ice                          4
Comestibles
 b - 2 bread rations
 f - 2 fruits
 i - a meat ration
 o - a beef jerky


   Skills:
 - Level 2.0 Dodging
 - Level 1.8 Stealth
 + Level 5.7 Spellcasting
   Level 1.0 Conjurations
 + Level 6.6 Ice Magic


You had 16 spell levels left.
You knew the following spells:

 Your Spells              Type           Power        Failure   Level  Hunger
a - Freeze                Ice            ####         1%          1    None


Dungeon Overview and Level Annotations

Branches:
Dungeon (5/15)
 Temple: D:4-7

Altars:
Ashenzari
Elyvilon
Gozag
Nemelex Xobeh
Okawaru
Trog

Annotations:
D:4 Grinder


Innate Abilities, Weirdness & Mutations

You can spit globs of acid.
You are resistant to acid.
Your golden yellow scales are hard (AC +6).
Your body does not fit into most forms of armour.
You are cold-blooded and may be slowed by cold attacks.


Message History

You hear the quick rusting of a very distant drain.
Level annotation: Grinder
Found a dagger and an orc skeleton.
There is a stone staircase leading down here.
Drink which item? (? for menu, Esc to quit)
It was a potion of brilliance.
You feel clever all of a sudden.
You feel sick.
Drink which item? (? for menu, Esc to quit)
You feel better. The ogre closely misses you.
Casting: Freeze
Confirm with . or Enter, or press ? or * to list all spells.
Aiming: Freeze
Press: ? - help, Shift-Dir - straight line, f - ogre
Aim: an ogre, wielding a giant club You freeze the ogre.
The ogre is moderately wounded.
The ogre hits you with a giant club!!
Ouch! That really hurt!
You die...

>.......##... .#
....#......[.......
.....).### ......
... p......# #....#
#... #.. #p##.#.#
#.÷..# ... ..
#p.....# #.)..# #
##.. .. ####.###
#....#.# ...#.
.....# #...O..#
#... ###..# #@# ##
####.###### .....#
#.........#.......
###.##
######.##.#.######
###.# ####.##.#†# #
....# ........5.# #
##### .#####.#.###
# .........#
.#####.### #.


You could see an ogre.

Vanquished Creatures
  Pikel (D:4)
  Eustachio (D:4)
  Crazy Yiuf (D:3)
  A hound (D:4)
  A gnoll (D:1)
  4 adders
  An ooze (D:3)
  An adder skeleton (D:5)
  3 giant geckos
  An orc (D:4)
  A ball python (D:2)
  5 giant cockroaches
  14 goblins
  7 hobgoblins
  12 kobolds
  A quokka (D:2)
  5 bats
  5 giant newts
  4 jackals (D:2)
  9 rats
78 creatures vanquished.

Vanquished Creatures (others)
  2 hounds (D:4)
  An orc wizard (D:4)
  2 orcs (D:4)
  A rat (D:4)
6 creatures vanquished.

Grand Total: 84 creatures vanquished

Notes
Turn   | Place    | Note
--------------------------------------------------------------
     0 | D:1      | AnnoyedKobold the Draconian Ice Elementalist began the quest for the Orb.
     0 | D:1      | Reached XP level 1. HP: 14/14 MP: 3/3
   277 | D:1      | Reached XP level 2. HP: 18/20 MP: 3/5
   727 | D:1      | Reached XP level 3. HP: 26/26 MP: 4/6
  1096 | D:2      | Found a sparkling altar of Nemelex Xobeh.
  1096 | D:2      | Found an opulent altar of Gozag.
  1554 | D:2      | Reached skill level 4 in Ice Magic
  1554 | D:2      | Reached XP level 4. HP: 33/33 MP: 5/8
  2081 | D:3      | Found a shattered altar of Ashenzari.
  2322 | D:3      | Found a bloodstained altar of Trog.
  2323 | D:3      | Found an iron altar of Okawaru.
  2581 | D:3      | Found a white marble altar of Elyvilon.
  2726 | D:3      | Noticed Crazy Yiuf
  2737 | D:3      | Killed Crazy Yiuf
  2737 | D:3      | Reached XP level 5. HP: 38/38 MP: 4/10
  2848 | D:4      | Noticed Pikel
  2848 | D:4      | Noticed a slave
  2849 | D:4      | Noticed a slave
  2859 | D:4      | Noticed a slave
  2864 | D:4      | Killed Pikel
  2864 | D:4      | Reached skill level 5 in Spellcasting
  2864 | D:4      | Reached skill level 6 in Ice Magic
  2864 | D:4      | Reached XP level 6. HP: 22/45 MP: 2/13
  2864 | D:4      | Your scales start taking on a golden yellow colour.
  2864 | D:4      | Reached XP level 7. HP: 24/50 MP: 2/14
  2866 | D:4      | Noticed a freed slave
  3153 | D:4      | Noticed Eustachio
  3194 | D:4      | Killed Eustachio
  3237 | D:4      | Noticed Grinder
  3302 | D:5      | Entered Level 5 of the Dungeon
  3362 | D:4      | Mangled by an ogre

Vault maps used:
D:1:      dpeg_arrival_simpleton_b
D:2:      grunt_temple_overflow_opulence, first_bread, minmay_divided_ellipse
D:3:      minitemple, lemuel_round_altar, cheibrodos_ashenzari_chains,
          uniq_crazy_yiuf_cottage
D:4:      portal_sewer_entry_b, uniq_grinder, uniq_eustachio, uniq_pikel
D:5:      uniq_menkaure

Action                   |  1- 3 |  4- 6 |  7- 9 || total
-------------------------+-------+-------+-------++-------
Melee: Unarmed           |     4 |       |       ||     4
       Short sword       |    30 |    23 |       ||    53
       Whip              |       |       |    31 ||    31
 Cast: Freeze            |    52 |    36 |    25 ||   113
  Use: Scroll            |     4 |     4 |     1 ||     9
       Potion            |       |     1 |     2 ||     3
 Stab: Sleeping          |     2 |     3 |     1 ||     6
  Eat: Chunk             |     2 |     3 |       ||     5
       Pizza             |       |     1 |       ||     1
       Fruit             |       |       |     1 ||     1
